 Dungeon Crawl Stone Soup version 0.19-a0-1834-g6b7851e (webtiles) character file.

531 Zhenya24pyc the Skirmisher (level 7, -1/44 HPs)
             Began as a Gargoyle Fighter on Oct 8, 2016.
             Slain by an ogre
             ... wielding a +0 giant club
              (24 damage)
             ... on level 5 of the Dungeon.
             The game lasted 00:04:08 (3121 turns).

Zhenya24pyc the Skirmisher (Gargoyle Fighter)       Turns: 3121, Time: 00:04:08

Health: -1/44      AC: 14    Str: 20    XL:     7   Next: 24%
Magic:  7/7        EV:  7    Int:  9    God:
Gold:   226        SH:  9    Dex: 10    Spells: 0 memorised, 6 levels left

rFire  . . .     SeeInvis .     a - +0 war axe
rCold  . . .     Gourm    .     b - +0 scale mail
rNeg   + . .     Faith    .     c - +0 shield
rPois  ∞         Spirit   .     u - +0 helmet
rElec  +         Dismiss  .     (no cloak)
rCorr  .         Reflect  .     p - +0 pair of gloves
MR     .....     Harm     .     (no boots)
Stlth  +.........               (no amulet)
                                (no ring)
                                r - ring of stealth

@: no status effects
A: negative energy resistance 1, electricity resistance, unbreathing,
petrification resistance, rot immunity, AC +4
a: no special abilities


You were on level 5 of the Dungeon.
You were hungry.

You visited 1 branch of the dungeon, and saw 5 of its levels.
You also visited: Sewer.

You collected 226 gold pieces.

Inventory:

Hand Weapons
 a - a +0 war axe (weapon)
Armour
 b - a +0 scale mail (worn)
 c - a +0 shield (worn)
 p - a +0 pair of gloves (worn)
 u - a +0 helmet (worn)
Jewellery
 r - a ring of stealth (left hand)
 v - an uncursed ring of poison resistance {unknown}
Scrolls
 e - 3 scrolls of noise {unknown}
 h - 2 scrolls of blinking {unknown}
 l - 6 scrolls of teleportation {unknown}
 n - a scroll of fear {unknown}
 o - 2 scrolls of amnesia {unknown}
 q - a scroll of enchant armour {unknown}
 s - 3 scrolls of recharging {unknown}
Potions
 d - a potion of might
 i - 3 potions of heal wounds {unknown}
 k - a potion of agility {unknown}
 m - a potion of curing {unknown}
 t - a potion of berserk rage {unknown}
 w - a potion of haste {unknown}
 x - 2 potions of resistance {unknown}
Comestibles
 f - 5 bread rations
 g - 2 meat rations
 j - a slice of pizza
 z - 6 fruits


   Skills:
 + Level 5.3 Fighting
 * Level 5.0 Axes
 + Level 5.1 Armour
 - Level 3.2 Shields


You had 6 spell levels left.
You didn't know any spells.

Dungeon Overview and Level Annotations

Branches:
Dungeon (5/15)
 Temple: D:4-7

Altars:
Cheibriados
Kikubaaqudgha
Ru
Sif Muna


Innate Abilities, Weirdness & Mutations

You are resistant to torment.
Your stone body is resilient. (AC +4)
You are immune to poison.
You resist negative energy. (rN+)
You are resistant to electric shocks. (rElec)
You can survive without breathing.
You are immune to petrification.
You are immune to rotting.


Message History

You slash the orc!
You kill the orc!
No target in view!
No target in view!
Things that are here:
a short sword; an orc corpse You are feeling hungry.
Found an escape hatch in the floor.
No target in view!
You open the door.
Found a deep blue altar of Sif Muna.
An ogre comes into view. It is wielding a giant club.
The ogre shouts!
You closely miss the ogre. The ogre hits you with a giant club!
You barely miss the ogre. The ogre hits you with a giant club!
You slash the ogre!
The ogre is moderately wounded.
The ogre hits you with a giant club!!
Ouch! That really hurt!
You die...

#######.#.#.#
#....## #.#.###
#.#.... #.#####
### #...#
#.####.## ###.#
#....O..# #.# #@#
#.### #.# #....
#.# #..## #.#
########..# #.#
..........#
#.##.#########.##
##.##.# #.#
#..##.# #.#
#.###.# #.#


You could see an ogre.

Vanquished Creatures
  A centaur (D:5)
  A crocodile (Sewer)
  A howler monkey (D:4)
  A gnoll shaman (D:4)
  An orc wizard (D:4)
  Ijyb (D:3)
  2 worker ants
  7 adders
  3 gnolls (D:4)
  A shadow imp (D:5)
  An adder zombie (D:5)
  2 adder skeletons (D:4)
  2 worms
  2 leopard geckos
  5 orcs
  6 giant cockroaches
  13 goblins
  13 hobgoblins
  7 jackals
  3 quokkas
  11 bats
  3 frilled lizards (D:2)
  4 kobolds
  A rat (D:3)
92 creatures vanquished.

Notes
Turn   | Place    | Note
-------+----------+-------------------------------------------
     0 | D:1      | Zhenya24pyc the Gargoyle Fighter began the quest for the Orb.
     0 | D:1      | Reached XP level 1. HP: 14/14 MP: 1/1
    75 | D:1      | Reached XP level 2. HP: 16/19 MP: 2/2
   276 | D:1      | Reached XP level 3. HP: 22/23 MP: 3/3
  1295 | D:3      | Reached XP level 4. HP: 25/29 MP: 4/4
  1365 | D:3      | Found an ancient bone altar of Kikubaaqudgha.
  1488 | D:3      | Found a glowing drain.
  1569 | Sewer    | Entered a sewer
  1575 | Sewer    | Reached XP level 5. HP: 28/33 MP: 5/5
  1608 | Sewer    | Noticed a crocodile
  1623 | Sewer    | Killed a crocodile
  1949 | D:3      | Noticed Ijyb
  1958 | D:3      | Killed Ijyb
  2117 | D:3      | Reached XP level 6. HP: 39/39 MP: 6/6
  2247 | D:4      | Reached skill level 5 in Fighting
  2406 | D:4      | Found a sacrificial altar of Ru.
  2721 | D:5      | Entered Level 5 of the Dungeon
  2763 | D:5      | Reached skill level 5 in Armour
  2763 | D:5      | Reached XP level 7. HP: 37/44 MP: 7/7
  2767 | D:5      | Reached skill level 5 in Axes
  2862 | D:5      | Found a snail-covered altar of Cheibriados.
  3067 | D:5      | Found a deep blue altar of Sif Muna.
  3121 | D:5      | Slain by an ogre

Vault maps used:
D:1:      dpeg_arrival_long_road
D:3:      lemuel_doored_altar, gup_sewer_entry_glass, first_bread, uniq_iyjb
D:4:      old_standard_altar
D:5:      lemuel_crystal_altar, kennysheep_mini, uniq_eustachio
Sewer:    sewer_big_baddie

Skill      XL: |  1  2  3  4  5  6  7 |
---------------+----------------------+-----
Axes           | 2 3 4 5 |  5.0
Fighting       | 4 5 |  5.3
Armour         | 4 5 |  5.1
Shields        | |  3.2

Action                   |  1- 3 |  4- 6 |  7- 9 || total
-------------------------+-------+-------+-------++-------
Melee: War axe           |   126 |   195 |    12 ||   333
  Eat: Chunk             |       |     7 |       ||     7
Armor: Scale mail        |    89 |   159 |     5 ||   253
Dodge: Dodged            |    54 |    80 |     1 ||   135
Block: Shield            |    87 |   126 |     3 ||   216
